 Dungeon Crawl Stone Soup version 0.28-a0-1236-gb25a51b929 (webtiles) character file.

Game seed: 14571388615952428455

46 Zonian the Gusty (level 3, -1/19 HPs)
             Began as a Tengu Air Elementalist on Dec 25, 2021.
             Killed from afar by an orc wizard (13 damage)
             ... with a puff of flame
             ... on level 2 of the Dungeon.
             The game lasted 00:02:29 (2204 turns).

Zonian the Gusty (Tengu Air Elementalist)           Turns: 2204, Time: 00:02:30

Health: -1/19      AC:  2    Str: 10    XL:     3   Next: 68%
Magic:  5/7        EV: 12    Int: 15    God:
Gold:   71         SH:  0    Dex: 14    Spells: 5/6 levels left

rFire   . . .      SeeInvis .     - Unarmed
rCold   . . .      Faith    .   (no shield)
rNeg    . . .      Spirit   .   a - +0 robe
rPois   .          Reflect  .   (helmet restricted)
rElec   .          Harm     .   (no cloak)
rCorr   .          Rampage  .   (no gloves)
Will    .....                   (boots unavailable)
Stlth   ++........              (no amulet)
HPRegen 0.06/turn               (no ring)
MPRegen 0.10/turn               (no ring)

@: no status effects
A: beak, talons 3
a: no special abilities


You were on level 2 of the Dungeon.
You visited 1 branch of the dungeon, and saw 2 of its levels.

You collected 71 gold pieces.

Inventory:

Armour
 a - a +0 robe (worn)
Scrolls
 b - a scroll of fog {unknown}
 c - a scroll of immolation {unknown}
 d - a scroll of enchant armour {unknown}
 e - a scroll of noise {unknown}
 g - a scroll of vulnerability {unknown}
 h - 2 scrolls of silence {unknown}
Potions
 f - a potion of curing {unknown}


   Skills:
 + Level 2.6 Dodging
 + Level 2.5 Stealth
 + Level 1.2 Unarmed Combat
 + Level 2.3 Spellcasting
 + Level 2.1 Conjurations
 + Level 4.3 Air Magic


You had 5 spell levels left.
You knew the following spells:

 Your Spells              Type           Power      Damage    Failure   Level
a - Shock                 Conj/Air       44%        1d5       5%          1

Your spell library contained the following spells:

 Spells                   Type           Power      Damage    Failure   Level
 Static Discharge         Conj/Air       11%        N/A       9%          2
 Swiftness                Air            14%        N/A       11%         3
 Airstrike                Air            7%         N/A       34%         4
 Tukima's Dance           Hex            1%         N/A       54%         3
 Passage of Golubria      Tloc           1%         N/A       91%         4
 Yara's Violent Unravell  Hex/Tmut       0%         3d3       99%         5


Dungeon Overview and Level Annotations

Branches:
Dungeon (2/15)

Altars:
Zin

Shops:
D:2 [([


Innate Abilities, Weirdness & Mutations

You have a beak for a mouth.
You have claws for feet.


Message History

You now have 71 gold pieces (gained 4).
You see here 25 arrows.
h - 2 scrolls labelled LOR YSUFOEZE You see here a +0 ring mail.
Found Omneorch's Antique Armour Shoppe.
Unknown command.
There is an entrance to Omneorch's Antique Armour Shoppe here.
You can access your shopping list by pressing '$'.
Unknown command.
You open the door.
A giant cockroach comes into view.
Found Gyicuyny's Antique Weapon Shop.
A giant cockroach is nearby!
Unknown command.
There is an open door here.
You hit the giant cockroach but do no damage.
The giant cockroach closely misses you.
You hit the giant cockroach but do no damage.
You claw the giant cockroach. You peck the giant cockroach.
The giant cockroach is almost dead.
The giant cockroach closely misses you.
You hit the giant cockroach.
You kill the giant cockroach!
There is an entrance to Gyicuyny's Antique Weapon Shop here.
You can access your shopping list by pressing '$'.
Unknown command.
You open the door.
There is an open door here.
There are monsters nearby!
Unknown command.
The orc wizard shouts!
You hear a shout! x2
The zap hits the orc wizard.
The orc wizard is moderately wounded.
The orc wizard points at you and mumbles some strange words.
The puff of flame hits you!
The zap misses the orc wizard.
The orc wizard points at you and mumbles some strange words.
The puff of flame hits you!
Ouch! That really hurt!
You die...

.#.# #.#.# #.#####.....#####
.#.## #.#.## #.# #.......#
....###....#####.# #.#.....#
#......##...#....###.#######
###.##.##.....##.....#
≈##...............############
≈≈###..##........o...o........
..'......>#......##........#
###..##.........@#######......
#...######...<...# ....o
#.#.######.......# ....
.....#.[.........# ...
...#...########.## .. #.####.#
#.# . #.# #..#### #.# #.#
#..[..### #.#
..###.###...###.########


You could see an orc wizard.

Vanquished Creatures
  3 dart slugs
  2 endoplasms (D:1)
  3 giant cockroaches
  5 goblins
  3 hobgoblins (D:1)
  2 jackals (D:2)
  3 quokkas
  3 ball pythons
  4 bats
  2 frilled lizards (D:1)
  4 kobolds (D:1)
  A rat (D:1)
35 creatures vanquished.

Notes
Turn   | Place    | Note
-------+----------+-------------------------------------------
     0 | D:1      | Zonian the Tengu Air Elementalist began the quest for the
                  | Orb.
     0 | D:1      | Reached XP level 1. HP: 10/10 MP: 4/4
   772 | D:1      | Reached XP level 2. HP: 15/15 MP: 4/6
  1357 | D:1      | Reached XP level 3. HP: 19/19 MP: 4/7
  1543 | D:1      | Reached skill level 1 in Unarmed Combat
  1841 | D:2      | Found a faded altar of an unknown god.
  1853 | D:2      | Found Namea's Antique Armour Boutique.
  2111 | D:2      | Found a glowing silver altar of Zin.
  2146 | D:2      | Found Omneorch's Antique Armour Shoppe.
  2160 | D:2      | Found Gyicuyny's Antique Weapon Shop.
  2204 | D:2      | Killed from afar by an orc wizard

Illustrated notes

Levels and vault maps discovered:
D:1:      pf_arrival_petrified_forest, layout_loops_cross
D:2:      layout_rooms, serial_shops, shop, shop, nicolae_shop_hallway_plus,
          basic_altar, chequers_ecumenical_altar_island

Skill      XL: |  1  2  3 |
---------------+----------+-----
Unarmed Combat | 1 |  1.2
Conjurations   | 2 |  2.1
Dodging        | |  2.6
Stealth        | |  2.5
Spellcasting   | |  2.3
Air Magic      | |  4.3

Action                   || total
-------------------------++-------
Melee: Unarmed           ||    43
       Peck              ||     9
       Kick              ||    12
 Cast: Shock             ||    41
Armor: Robe              ||     8
Dodge: Dodged            ||    31

Table legend: (Time is in decaauts)
 A = Elapsed time spent in this place.
 B = Non-inter-level travel time spent in this place.
 C = Inter-level travel time spent in this place.
 D = Time resting spent in this place.
 E = Time spent auto-exploring this place.
 F = Levels seen in this place.
 G = Mean time per level.
                   A        B        C        D        E       F      G
               +--------+--------+--------+--------+--------+-----+--------+
         Total |   2204 |   2181 |     23 |    812 |   1087 |   2 | 1102.0 |
       Dungeon |   2204 |   2181 |     23 |    812 |   1087 |   2 | 1102.0 |
               +--------+--------+--------+--------+--------+-----+--------+

Top non-repeatable levels by time:
     D:1: 1755 daAuts
     D:2: 449 daAuts
